AoeStats
← dedekindcut

Arabia

504380101Analyzed
3v3 RM · 28d ago on Sep 5, 2026· 28m 54s· 6 players
Game mode
Random Map
Map size
Normal (6 player)
Population
200
Speed
Normal
Resources
Standard
Victory
Conquest
Starting age
Dark Age
Ending age
Imperial Age
RankedLock teamsTeams togetherTeam positionsShared explorationLock speedFull tech treeHidden civsTurbo modeCheats
Victory
Defeat
🇨🇱 Slavs · Chile
940
+19
885
+20
885
+21
🇺🇸 Franks · United States
1000
-64
🇺🇸 Britons · United States
1000
-64
🇺🇸 Vietnamese · United States
1000
-64
Seguidor de voldo n1
12:15 Feudal Age
10:45 Loom
13:48 Double-Bit Axe
13:44 Horse Collar
23:35 Castle Age
22:47 Scale Barding Armor
24:50 Bow Saw
24:41 Heavy Plow
25:05 Husbandry
26:07 Wheelbarrow
27:23 Chemistry
Führer Voldo
5:27 Loom
10:27 Feudal Age
11:08 Double-Bit Axe
11:27 Horse Collar
13:42 Man-at-Arms
19:23 Forging
19:13 Scale Mail Armor
22:12 Castle Age
21:23 Gold Mining
21:26 Stone Mining
23:28 Iron Casting
23:10 Chain Mail Armor
22:59 Squires
22:43 Long Swordsman
24:39 Bow Saw
25:49 Wheelbarrow
lacayo de voldo bahamondes
7:46 Loom
10:26 Feudal Age
11:21 Double-Bit Axe
15:28 Forging
15:25 Scale Barding Armor
20:12 Wheelbarrow
23:31 Castle Age
22:29 Gold Mining
23:45 Light Cavalry
25:12 Chain Barding Armor
26:42 Husbandry
26:57 Fletching
Nayum
13:37 Feudal Age
15:02 Wheelbarrow
15:20 Double-Bit Axe
badcompankcode1
15:28 Feudal Age
17:57 Wheelbarrow
17:12 Double-Bit Axe
17:23 Stone Mining
17:51 Town Watch
22:20 Horse Collar
dedekindcut
17:46 Feudal Age
20:56 Horse Collar
21:07 Double-Bit Axe
25:46 Town Watch
Connection lost

Rejoining the realm…

Still unreachable

The connection could not be restored.

Session expired

The server has moved on; the page needs a fresh start.